 Dungeon Crawl Stone Soup version 0.27.0-1-g7a089689b8 (webtiles) character file.

Game seed: 4134782826169212619

35 vvl the Skirmisher (level 3, 0/29 HPs)
             Began as a Demonspawn Fighter on Aug 2, 2021.
             Killed from afar by Sigmund (9 damage)
             ... with a puff of flame
             ... on level 2 of the Dungeon.
             The game lasted 00:03:12 (1945 turns).

vvl the Skirmisher (Demonspawn Fighter)             Turns: 1945, Time: 00:03:12

Health: 0/29       AC:  6    Str: 17    XL:     3   Next: 16%
Magic:  4/4        EV:  9    Int:  9    God:
Gold:   81         SH:  8    Dex: 12    Spells: 3/3 levels left

rFire    . . .     SeeInvis .   h - +1 dagger (venom)
rCold    . . .     Faith    .   b - +0 kite shield
rNeg     . . .     Spirit   .   a - +0 scale mail
rPois    .         Reflect  .   (helmet restricted)
rElec    .         Harm     .   (no cloak)
rCorr    .         Rampage  .   (no gloves)
Will     .....                  (no boots)
Stlth    ..........             (no amulet)
HPRegen  0.09/turn              (no ring)
MPRegen  0.09/turn              (no ring)

@: no status effects
A: horns 1, repulsion field 1
a: no special abilities


You were on level 2 of the Dungeon.
You visited 1 branch of the dungeon, and saw 2 of its levels.

You collected 81 gold pieces.

Inventory:

Hand Weapons
 h - a +1 dagger of venom (weapon)
Armour
 a - a +0 scale mail (worn)
 b - a +0 kite shield (worn)
Scrolls
 d - 2 scrolls of immolation {unknown}
 e - 3 scrolls of identify {unknown}
 f - 2 scrolls of enchant armour {unknown}
 g - a scroll of teleportation {unknown}
Potions
 c - 2 potions of might
 i - 2 potions of heal wounds {unknown}


   Skills:
 + Level 3.2 Fighting
 + Level 2.8 Armour
 + Level 0.5 Dodging
 + Level 2.8 Shields
 + Level 2.0 Unarmed Combat
 + Level 0.8 Spellcasting
 + Level 0.8 Transmutations


You had 3 spell levels left.
You didn't know any spells.
Your spell library was empty.

Dungeon Overview and Level Annotations

Branches:
Dungeon (2/15)

Altars:

Annotations:
D:2 Sigmund


Innate Abilities, Weirdness & Mutations

You have a pair of small horns on your head.
You are surrounded by a mild repulsion field. (EV +2)


Message History

There is an open door here.
You open the door.
There is an open door here.
i - a grey potion
Found a ring mail.
Found a stone staircase leading down.
Found a stone staircase leading down.
You now have 52 gold pieces (gained 4).
You now have 61 gold pieces (gained 9).
You now have 63 gold pieces (gained 2).
You now have 69 gold pieces (gained 6).
You now have 81 gold pieces (gained 12).
i - 2 grey potions (gained 1)
f - 2 scrolls labelled WEANIU FEORPH (gained 1) Sigmund the Dreaded comes into view.
He is wielding a +0 scythe and carrying a wand of flame (14).
Sigmund shouts!
Sigmund points at you and mumbles some strange words.
The magic dart hits you.
Sigmund is nearby!
Sigmund is nearby!
Sigmund is nearby!
Sigmund gestures at you while chanting. The magic dart hits you!
Sigmund gestures at you while chanting. The magic dart hits you.
You barely miss Sigmund. You headbutt Sigmund.
Sigmund is lightly wounded.
You block Sigmund's attack.
You hit Sigmund but do no damage.
Sigmund is poisoned.
Sigmund is lightly wounded.
Sigmund hits you with a +0 scythe.
You are too injured to fight recklessly!
You are too injured to fight recklessly!
You hit Sigmund but do no damage.
Sigmund looks as sick as possible!
Sigmund is moderately wounded.
You block Sigmund's attack.
Sigmund hits you from afar with a +0 scythe.
You block Sigmund's attack.
Sigmund zaps a wand.
The puff of flame hits you!
You die...

### #.. #.#
#+# #.# #.#
#.# #.# #.#
##.## #.#
##...######@#
#.......@...#
#.
##....########
# #..#....## #
........# #
####....#
####.# #.# #.#
#.#


You could see Sigmund (very poisoned).

Vanquished Creatures
  2 dart slugs (D:1)
  3 ball pythons
  2 bats
  2 endoplasms (D:1)
  3 giant cockroaches
  4 hobgoblins (D:1)
  2 jackals (D:1)
  3 kobolds (D:1)
  A frilled lizard (D:1)
  6 rats (D:1)
28 creatures vanquished.

Notes
Turn   | Place    | Note
-------+----------+-------------------------------------------
     0 | D:1      | vvl the Demonspawn Fighter began the quest for the Orb.
     0 | D:1      | Reached XP level 1. HP: 18/18 MP: 1/1
   363 | D:1      | Gained mutation: You are surrounded by a mild repulsion
                  | field. (EV +2) [demonic ancestry]
   363 | D:1      | Reached XP level 2. HP: 15/24 MP: 2/2
   996 | D:1      | Found a faded altar of an unknown god.
  1056 | D:1      | Gained mutation: You have a pair of small horns on your
                  | head. [demonic ancestry]
  1056 | D:1      | Reached XP level 3. HP: 21/29 MP: 3/3
  1934 | D:2      | Noticed Sigmund
  1945 | D:2      | Killed from afar by Sigmund

Illustrated notes

Levels and vault maps discovered:
D:1:      lightli_arrival_farm, layout_basic, shapermc_ecumenical_altar_venn
D:2:      layout_loops_corners, hangedman_feature_mirror, uniq_sigmund

Skill      XL: |  1  2 |
---------------+-------+-----
Unarmed Combat | 2 |  2.0
Fighting       | |  3.2
Armour         | |  2.8
Dodging        | |  0.5
Shields        | |  2.8
Spellcasting   | |  0.8
Transmutations | |  0.8

Action                   || total
-------------------------++-------
Melee: Unarmed           ||   144
       Dagger            ||     9
       Headbutt          ||     3
Armor: Scale mail        ||    81
Dodge: Dodged            ||    49
Block: Kite shield       ||    89
